 Dungeon Crawl Stone Soup version 0.27-a0-1123-g2f9bb313c0 (webtiles) character file.

Game seed: 12969687170911945812

30 Azzok the Conjurer (level 3, -1/21 HPs)
             Began as an Octopode Conjurer on May 3, 2021.
             Slain by an iguana (15 damage)
             ... on level 2 of the Dungeon.
             The game lasted 00:01:09 (1263 turns).

Azzok the Conjurer (Octopode Conjurer)              Turns: 1263, Time: 00:01:10

Health: -1/21      AC:  1    Str:  6    XL:     3   Next: 18%
Magic:  0/7        EV: 13    Int: 21    God:
Gold:   36         SH:  0    Dex: 10    Spells: 6/7 levels left

rFire    . . .     SeeInvis .   (no weapon)
rCold    . . .     Faith    .   (no shield)
rNeg     . . .     Spirit   .   (helmet restricted)
rPois    .         Reflect  .   b - amulet of the acrobat
rElec    .         Harm     .   (no ring)
rCorr    .         Rampage  .   (no ring)
Will     .....                  (no ring)
Stlth    +++.......             (no ring)
HPRegen  0.07/turn              (no ring)
MPRegen  0.10/turn              (no ring)
                                (no ring)
                                (no ring)

@: very slightly contaminated
A: almost no armour, amphibious, 8 rings, camouflage 1, gelatinous body 1,
(nimble swimmer 1), tentacles
a: no special abilities


You were on level 2 of the Dungeon.
You visited 1 branch of the dungeon, and saw 2 of its levels.

You collected 36 gold pieces.

Inventory:

Jewellery
 b - an amulet of the acrobat (around mantle)
Scrolls
 d - a scroll of identify {unknown}
 e - 2 scrolls of fog {unknown}
 g - a scroll of enchant weapon {unknown}
Potions
 a - a potion of cancellation {unknown}
 c - 2 potions of brilliance {unknown}
 f - 2 potions of curing {unknown}
 h - a potion of magic {unknown}


   Skills:
 - Level 2.0 Dodging
 - Level 2.6 Stealth
 + Level 2.7 Spellcasting
 + Level 4.5 Conjurations


You had 6 spell levels left.
You knew the following spells:

 Your Spells              Type           Power      Damage    Failure   Level
a - Magic Dart            Conj           84%        1d7       2%          1

Your spell library contained the following spells:

 Spells                   Type           Power      Damage    Failure   Level
 Searing Ray              Conj           42%        3d4       3%          2
 Dazzling Flash           Conj/Hex       24%        N/A       16%         3
 Fulminant Prism          Conj/Hex       6%         3d7       47%         4
 Iskenderun's Mystic Bla  Conj/Tloc      12%        2d5       47%         4


Dungeon Overview and Level Annotations

Branches:
Dungeon (2/15)

Altars:


Innate Abilities, Weirdness & Mutations

You cannot wear most types of armour.
You are amphibious.
You can wear up to eight rings at the same time.
Your skin changes colour to match your surroundings (Stealth+).
Your rubbery body absorbs attacks. (AC +1, EV +1)
((You are camouflaged near water. (Stealth+)))
You have tentacles for arms and can constrict up to eight enemies at once.


Message History

Press: ? - help, Shift-Dir - straight line, f/p - iguana
Aim: an iguana (100% to hit)
The magic dart hits the iguana but does no damage.
The iguana bites you.
Casting: Magic Dart (safe; 2% risk of failure)
Confirm with . or Enter, or press ? or * to list all spells.
Aiming: Magic Dart (safe; 2% risk of failure)
Press: ? - help, Shift-Dir - straight line, f/p - iguana
Aim: an iguana (100% to hit)
The magic dart hits the iguana.
The iguana is lightly wounded.
The iguana barely misses you.
Casting: Magic Dart (safe; 2% risk of failure)
Confirm with . or Enter, or press ? or * to list all spells.
Aiming: Magic Dart (safe; 2% risk of failure)
Press: ? - help, Shift-Dir - straight line, f/p - iguana
Aim: an iguana (lightly wounded, 100% to hit)
The magic dart hits the iguana.
The iguana is moderately wounded.
The iguana misses you.
Casting: Magic Dart (safe; 2% risk of failure)
Confirm with . or Enter, or press ? or * to list all spells.
Aiming: Magic Dart (safe; 2% risk of failure)
Press: ? - help, Shift-Dir - straight line, f/p - iguana
Aim: an iguana (moderately wounded, 100% to hit)
The magic dart hits the iguana but does no damage.
The iguana is moderately wounded.
* * * LOW MAGIC WARNING * * *
The iguana bites you.
Casting: Magic Dart (safe; 2% risk of failure)
Confirm with . or Enter, or press ? or * to list all spells.
Aiming: Magic Dart (safe; 2% risk of failure)
Press: ? - help, Shift-Dir - straight line, f/p - iguana
Aim: an iguana (moderately wounded, 100% to hit)
The magic dart hits the iguana.
The iguana is heavily wounded.
* * * LOW MAGIC WARNING * * *
The iguana bites you!
Ouch! That really hurt!
You die...

▒·▒ ▒▒▒▒▒·▒
▒·▒▒ ▒·▒ ▒··▒
▒··
▒▒▒▒▒▒▒·▒▒▒▒▒
▒···········▒
▒▒·▒▒▒▒▒·▒▒·▒
▒·▒▒ ▒··▒
▒▒@▒ ▒l▒ ▒·)
▒▒·· ··· ▒·▒▒
·· ▒·▒


You could see an iguana.

Vanquished Creatures
  2 dart slugs (D:1)
  A bat (D:2)
  2 endoplasms
  4 goblins
  2 hobgoblins (D:1)
  4 jackals (D:1)
  2 quokkas (D:1)
  A ball python (D:1)
  A frilled lizard (D:1)
  3 rats
22 creatures vanquished.

Notes
Turn   | Place    | Note
-------+----------+-------------------------------------------
     0 | D:1      | Azzok the Octopode Conjurer began the quest for the Orb.
     0 | D:1      | Reached XP level 1. HP: 11/11 MP: 3/3
   110 | D:1      | Reached XP level 2. HP: 17/17 MP: 0/5
   855 | D:1      | Reached XP level 3. HP: 21/21 MP: 3/6
  1263 | D:2      | Slain by an iguana

Illustrated notes

Levels and vault maps discovered:
D:1:      dpeg_arrival_shrine, layout_basic
D:2:      layout_basic, minmay_goblin_kobold_house

Action                   || total
-------------------------++-------
Melee: Unarmed           ||     5
       Constrict         ||     2
       Tentacles         ||     1
 Cast: Magic Dart        ||    44
Armor: Skin              ||     1
Dodge: Dodged            ||     8

Table legend: (Time is in decaauts)
 A = Elapsed time spent in this place.
 B = Non-inter-level travel time spent in this place.
 C = Inter-level travel time spent in this place.
 D = Time resting spent in this place.
 E = Time spent auto-exploring this place.
 F = Levels seen in this place.
 G = Mean time per level.
                   A        B        C        D        E       F      G
               +--------+--------+--------+--------+--------+-----+--------+
         Total |   1262 |   1242 |     20 |    121 |   1026 |   2 |  631.0 |
       Dungeon |   1262 |   1242 |     20 |    121 |   1026 |   2 |  631.0 |
               +--------+--------+--------+--------+--------+-----+--------+

Top non-repeatable levels by time:
     D:1: 1107 daAuts
     D:2: 155 daAuts
